 Dungeon Crawl Stone Soup version 0.24-a0-520-g8fd06ad (webtiles) character file.

Game seed: 15359593804885094611

984 DinnerBoy7 the Vandal (level 7, -1/90 HPs)
             Began as a Centaur Hunter on July 24, 2019.
             Was an Initiate of Gozag.
             Succumbed to felt's ghost's poison
             ... on level 5 of the Dungeon.
             The game lasted 00:22:28 (4941 turns).

DinnerBoy7 the Vandal (Centaur Hunter)              Turns: 4941, Time: 00:22:30

Health: -1/90      AC: 23    Str: 16    XL:     7   Next: 97%
Magic:  7/7        EV:  1    Int: 10    God:    Gozag
Gold:   458        SH:  0    Dex: 10    Spells: 6/6 levels left

rFire    . . .     SeeInvis .   a - +1 hunting sling (flame)
rCold    . . .     Gourm    .   (no shield)
rNeg     + + +     Faith    .   (armour currently unavailable)
rPois    +         Spirit   +   (helmet currently unavailable)
rElec    .         Reflect  .   (cloak currently unavailable)
rCorr    .         Harm     .   (gloves currently unavailable)
MR       .....     NoTele   +   (no barding)
Stlth    +.........             n - amulet of guardian spirit
HPRegen  0.25/turn              B - ring of positive energy
MPRegen  0.10/turn              (no ring)

@: lethally poisoned (-1 -> -45), tree-form
A: large, evolution 1
a: Potion Petition, Call Merchant, Bribe Branch, Renounce Religion


You were on level 5 of the Dungeon.
You worshipped Gozag.
Gozag was aware of your devotion.
You were near starving.
You were a tree.
You visited 1 branch of the dungeon, and saw 5 of its levels.
You also visited: Sewer.

You collected 536 gold pieces.
You paid 78 gold pieces to Gozag.

Inventory:

Hand Weapons
 a - a +1 hunting sling of flaming (weapon)
 b - a +1 bardiche of venom
 l - a +0 short sword
 s - a +0 short sword
 t - a +2 hunting sling
Missiles
 d - 56 sling bullets (quivered)
 e - 76 stones
Armour
 c - a +0 leather armour
 p - a +0 chain mail (melded)
 r - a +1 helmet (melded)
 y - a +0 pair of gloves (melded)
 F - a +0 chain mail
Jewellery
 n - an amulet of guardian spirit (around neck)
 B - a ring of positive energy (left branch)
 E - an uncursed ring of ice
Wands
 o - a wand of flame (13)
 z - a wand of random effects (12)
Scrolls
 u - a scroll of enchant weapon
 v - a scroll of fear
 A - 2 scrolls of magic mapping
 C - 2 scrolls of teleportation
Potions
 h - a potion of haste {unknown}
 j - a potion of cancellation
 q - a potion of agility
 w - a potion of invisibility {unknown}
Comestibles
 f - 5 rations


   Skills:
 + Level 4.9 Fighting
 + Level 3.1 Polearms
 + Level 6.7(7.0) Slings
 - Level 2.3(4.9) Throwing
 + Level 3.7 Dodging
 - Level 0.4 Stealth


You had 6 spell levels left.
You didn't know any spells.
Your spell library contained the following spells:

 Spells                   Type           Power        Failure   Level  Hunger
 Freeze                   Ice            #...         36%         1    ##.....
 Throw Frost              Conj/Ice       #.....       50%         2    ###....
 Ozocubu's Armour         Chrm/Ice       #.......     75%         3    ####...
 Summon Ice Beast         Ice/Summ       #.......     98%         4    #####..
 Throw Icicle             Conj/Ice       #.......     98%         4    #####..


Dungeon Overview and Level Annotations

Branches:
Dungeon (5/15)
 Temple: D:4-7

Altars:
Ashenzari
Dithmenos
Gozag
Makhleb
Nemelex Xobeh
Trog
The Shining One

Shops:
D:4 (

Annotations:
D:5 felt's ghost, amateur SpAs


Innate Abilities, Weirdness & Mutations

((You have hooves in place of feet.))
((Armour fits poorly on your strangely shaped body.))
((You cover ground very quickly.))
((You have extremely tough skin. (AC +3)))
((You are partially covered in thin metallic scales. (AC +2)))
You evolve.


Message History

Aim: felt's ghost, wielding a weapon of venom (heavily damaged)
You shoot a sling bullet. The sling bullet misses felt's ghost.
You hear a splash.
* * * LOW HITPOINT WARNING * * *
You feel very sick.
It was a potion of cancellation.
Your magical effects are unravelling.
You feel magically purged.
You feel a little less clever now.
You feel a little less agile now.
* * * LOW HITPOINT WARNING * * *
You feel very sick.
Felt's ghost hits you but does no damage.
You are more poisoned.
It was a potion of lignification.
You turn into a tree.
Your +1 helmet melds into your body.
Your +0 pair of gloves melds into your body.
Your +0 chain mail melds into your body.
Your roots penetrate the ground.
You die...
Your body crumbles into a pile of gold.

*,***$*****,***,********* *,,,,,*
*,***,*,,,,,,,, *******
*,,,,,,,,****** *****,*,** *,***
########### #########******
..........# ##.#$≈≈≈≈≈≈≈≈*,**
##≈≈≈≈≈##.# #..Wrw≈≈?≈≈≈≈+,,*
##≈≈≈≈≈##.# #[♣#l≈≈≈≈≈≈≈≈*,,* *
≈≈.....≈≈.# #.########****,,* *
≈≈.....≈≈.## #...#*,,,,,* *,** *
≈≈.....≈...######.##.#...***,****
≈≈.....≈≈..........>..S..,,,,,,,,
≈≈.....≈≈.###.###.####...***,****
##≈≈≈≈≈##.# #.# #...,,,,,,,,,* *
##≈≈.≈≈##.# #.# #####**,****** *
..........# #.# *,* *


You could see a worm, felt's ghost, a leopard gecko and a rat.

Vanquished Creatures
  Menkaure (D:4)
  Duvessa (D:4)
  An ogre (D:4)
  3 bullfrogs
  Dowan (D:4)
  A crimson imp (D:4)
  2 orc wizards
  An iguana (D:4)
  Natasha (thrice) (D:2)
  A worker ant (D:4)
  A hound skeleton (D:4)
  Robin (D:4)
  A howler monkey skeleton (D:5)
  7 adders
  A river rat (D:5)
  4 worms
  4 dart slugs
  4 leopard geckos
  7 orcs
  6 ball pythons
  7 giant cockroaches
  3 hobgoblins
  3 kobolds
  3 quokkas
  5 bats
  8 frilled lizards
  16 goblins
  A quokka skeleton (D:4)
  11 rats
108 creatures vanquished.

Notes
Turn   | Place    | Note
-------+----------+-------------------------------------------
     0 | D:1      | DinnerBoy7 the Centaur Hunter began the quest for the Orb.
     0 | D:1      | Reached XP level 1. HP: 17/17 MP: 1/1
   274 | D:1      | Reached XP level 2. HP: 24/24 MP: 2/2
  1172 | D:2      | Reached XP level 3. HP: 30/30 MP: 3/3
  1187 | D:2      | Found a shadowy altar of Dithmenos.
  1258 | D:2      | Found a shattered altar of Ashenzari.
  1324 | D:2      | Reached skill level 1 in Throwing
  1326 | D:2      | Noticed Natasha
  1340 | D:2      | Killed Natasha
  1340 | D:2      | Reached XP level 4. HP: 34/37 MP: 4/4
  1472 | D:2      | Noticed Natasha
  1475 | D:2      | Killed Natasha
  1475 | D:2      | Reached skill level 5 in Slings
  1686 | D:2      | Noticed Natasha
  1700 | D:2      | Killed Natasha
  1913 | D:3      | Found a shadowy altar of Dithmenos.
  1978 | D:3      | Reached XP level 5. HP: 45/45 MP: 5/5
  2247 | D:3      | Found a bloodstained altar of Trog.
  2627 | D:4      | Noticed Menkaure
  2632 | D:4      | Killed Menkaure
  2632 | D:4      | Reached skill level 1 in Polearms
  2632 | D:4      | Reached XP level 6. HP: 31/52 MP: 3/6
  2806 | D:4      | Found Ymeush's Weapon Emporium.
  3034 | D:4      | Found a glowing golden altar of the Shining One.
  3043 | D:4      | Found a sparkling altar of Nemelex Xobeh.
  3043 | D:4      | Found an opulent altar of Gozag.
  3053 | D:4      | Became a worshipper of Gozag Ym Sagoz the Greedy
  3171 | D:4      | Noticed Robin
  3176 | D:4      | Killed Robin
  3359 | D:4      | Noticed Duvessa
  3375 | D:4      | Killed Duvessa
  3375 | D:4      | Reached skill level 6 in Slings
  3375 | D:4      | Noticed Dowan
  3385 | D:4      | Killed Dowan
  3385 | D:4      | Reached XP level 7. HP: 36/59 MP: 4/7
  3776 | D:4      | Found a burning altar of Makhleb.
  4101 | D:5      | Entered Level 5 of the Dungeon
  4154 | D:5      | Found a glowing drain.
  4190 | Sewer    | Entered a sewer
  4873 | D:5      | Found a runed translucent door.
  4874 | D:5      | Noticed felt's ghost (amateur SpAs)
  4905 | D:5      | Gained mutation: You are partially covered in thin metallic
                  | scales. (AC +2) [potion of mutation]
  4905 | D:5      | Gained mutation: You evolve. [potion of mutation]
  4907 | D:5      | HP: 3/60 [poisoned by felt's ghost]
  4940 | D:5      | HP: 2/60 [poisoned by felt's ghost]
  4941 | D:5      | Succumbed to felt's ghost's poison

Levels and vault maps discovered:
D:1:      minmay_arrival_widening_spiral_wide, layout_basic
D:2:      layout_rooms, lemuel_coloured_pillars_altar,
          nicolae_dithmenos_through_a_glass_darkly, uniq_natasha
D:3:      layout_rooms, lemuel_doored_altar, nicolae_overflow_crystal_walls,
          kennysheep_generic_room_3
D:4:      layout_loops_ring, grunt_temple_overflow_opulence,
          makhleb_grotto_becter, tso_metal_star, serial_shops, shop,
          first_ration, kennysheep_generic_room_5, uniq_duvessa, uniq_robin,
          uniq_menkaure
D:5:      layout_loops_corners, grunt_temple_overflow_open,
          cheibrodos_sewer_entry_sluice, ebering_ghost_sewer_f

Skill      XL: |  1  2  3  4  5  6  7 |
---------------+----------------------+-----
Throwing       | 1 2 |  2.3
Dodging        | 2 3 |  3.7
Slings         | 5 6 |  6.7
Fighting       | 3 4 |  4.9
Polearms       | 1 2 3 |  3.1
Stealth        | |  0.4

Action                   |  1- 3 |  4- 6 |  7- 9 || total
-------------------------+-------+-------+-------++-------
Melee: Short sword       |     8 |     1 |       ||     9
       Kick              |     1 |    16 |    10 ||    27
       Bardiche          |       |    55 |    68 ||   123
 Fire: Hunting sling     |    72 |   134 |    81 ||   287
Throw: Stone             |       |     3 |    19 ||    22
  Use: Scroll            |     3 |     3 |     3 ||     9
       Potion            |       |       |    12 ||    12
  Eat: Chunk             |       |     5 |       ||     5
       Ration            |       |       |     1 ||     1
Armor: Chain mail        |    13 |    75 |    99 ||   187
       Leather armour    |     1 |       |       ||     1
Dodge: Dodged            |    13 |    22 |    35 ||    70

Table legend:
 A = Non-vault XP
 B = Vault XP
 C = Vault XP percentage of total XP
 D = Non-vault monster count
 E = Vault monster count
 F = Vault count percentage of total count
                 A         B        C        D         E       F
            +---------+---------+-------+---------+---------+-------
      Total |     541 |     866 |  61.5 |      69 |      39 |  36.1
            +---------+---------+-------+---------+---------+-------
        D:1 |      29 |       0 |   0.0 |      15 |       0 |   0.0
        D:2 |     116 |      36 |  23.7 |      23 |       1 |   4.2
        D:3 |      83 |       1 |   1.2 |      13 |       1 |   7.1
        D:4 |     296 |     469 |  61.3 |      16 |      12 |  42.9
        D:5 |      17 |     113 |  86.9 |       2 |       5 |  71.4
      Sewer |       0 |     247 | 100.0 |       0 |      20 | 100.0
            +---------+---------+-------+---------+---------+-------
